 Dungeon Crawl Stone Soup version 0.25-a0-700-g7f8a7979f0 (webtiles) character file.

Game seed: 11781794295586871500, levelgen mode: deterministic

93 Iscandelvey the Charmwright (level 4, 0/34 HPs)
             Began as a Demonspawn Skald on Apr 2, 2020.
             Killed from afar by an orc wizard (7 damage)
             ... with a magic dart
             ... in the Ecumenical Temple.
             The game lasted 00:03:00 (3068 turns).

Iscandelvey the Charmwright (Demonspawn Skald)      Turns: 3068, Time: 00:03:01

Health: 0/34       AC:  3    Str: 11    XL:     4   Next: 37%
Magic:  5/7        EV: 12    Int: 15    God:
Gold:   88         SH:  4    Dex: 13    Spells: 6/7 levels left

rFire    . . .     SeeInvis .   a - +0 spear
rCold    . . .     Gourm    .   (no shield)
rNeg     . . .     Faith    .   b - +0 leather armour
rPois    .         Spirit   .   (no helmet)
rElec    .         Reflect  .   (no cloak)
rCorr    .         Harm     .   (no gloves)
MR       .....                  (no boots)
Stlth    +.........             (no amulet)
HPRegen  0.11/turn              (no ring)
MPRegen  0.10/turn              (no ring)

@: infused
A: large bone plates 1
a: no special abilities


You were in the Ecumenical Temple.
You were very hungry.

You visited 2 branches of the dungeon, and saw 5 of its levels.

You collected 88 gold pieces.

Inventory:

Hand Weapons
 a - a +0 spear (weapon)
Missiles
 e - 11 poisoned darts (quivered)
Armour
 b - a +0 leather armour (worn)
Jewellery
 h - a +3 ring of intelligence
 m - an uncursed ring of see invisible {unknown}
 q - an uncursed ring of stealth {unknown}
 s - an uncursed amulet of regeneration {unknown}
Scrolls
 c - 2 scrolls of fog {unknown}
 f - 6 scrolls of identify {unknown}
 g - a scroll of magic mapping {unknown}
 j - 2 scrolls of remove curse {unknown}
 k - 3 scrolls of teleportation {unknown}
 n - a scroll of fear {unknown}
 t - a scroll of immolation {unknown}
 v - 2 scrolls of enchant armour {unknown}
 w - a scroll of amnesia {unknown}
Potions
 i - 6 potions of curing {unknown}
 l - a potion of haste {unknown}
 o - a potion of mutation {unknown}
 p - a potion of flight {unknown}
 r - a potion of berserk rage {unknown}
 u - a potion of lignification {unknown}
Comestibles
 d - 9 rations
 x - 2 chunks of flesh


   Skills:
 + Level 2.4 Fighting
 + Level 2.7 Polearms
 + Level 2.0 Armour
 + Level 2.1 Dodging
 + Level 0.1 Stealth
 + Level 2.2 Spellcasting
 + Level 3.1 Charms


You had 6 spell levels left.
You knew the following spells:

 Your Spells              Type           Power        Failure   Level  Hunger
a - Infusion              Chrm           ##..         9%          1    #......

Your spell library contained the following spells:

 Spells                   Type           Power        Failure   Level  Hunger
 Song of Slaying          Chrm           ##......     12%         2    ###....
 Shroud of Golubria       Chrm/Tloc      #.....       22%         2    ###....
 Ozocubu's Armour         Chrm/Ice       #.......     41%         3    ###....
 Spectral Weapon          Hex/Chrm       #.......     41%         3    ###....


Dungeon Overview and Level Annotations

Branches:
Dungeon (4/15)             Temple (1/1) D:4

Altars:
Dithmenos
Trog

Shops:
D:4 }


Innate Abilities, Weirdness & Mutations

You are partially covered in large bone plates. (SH +4)


Message History

Something hits you but does no damage.
Casting: Infusion (safe; 9% risk of failure)
Confirm with . or Enter, or press ? or * to list all spells.
You begin infusing your attacks with magical energy.
You block the orc's attack. Something hits you.
* * * LOW HITPOINT WARNING * * *
You miss something. The orc closely misses you.
Something hits you but does no damage.
You miss something. You block the orc's attack. Something barely misses you.
You barely miss something. You block the orc's attack.
Something hits you but does no damage.
You hit something. You barely miss something. You block something's attack.
The orc hits you with a +0 falchion.
* * * LOW HITPOINT WARNING * * *
You hit something.
You hear some strange, mumbled words.
A magic dart appears from out of thin air!
The magic dart hits you!
You die...

##++###
#8....#
+..{o#
+..@#
#..##
#.# ##


You could see an orc.

Vanquished Creatures
  2 adders
  A worm (D:2)
  A dart slug (D:3)
  4 leopard geckos
  2 ball pythons
  9 bats
  3 giant cockroaches
  8 goblins
  5 hobgoblins
  4 jackals (D:3)
  7 kobolds
  4 quokkas
  3 frilled lizards
  6 rats
59 creatures vanquished.

Notes
Turn   | Place    | Note
-------+----------+-------------------------------------------
     0 | D:1      | Iscandelvey the Demonspawn Skald began the quest for the
                  | Orb.
     0 | D:1      | Reached XP level 1. HP: 16/16 MP: 3/3
   305 | D:1      | Reached skill level 1 in Armour
   444 | D:1      | Gained mutation: You are partially covered in large bone
                  | plates. (SH +4) [demonic ancestry]
   444 | D:1      | Reached XP level 2. HP: 18/22 MP: 5/5
   505 | D:1      | Reached skill level 3 in Charms
  1186 | D:2      | Reached XP level 3. HP: 27/27 MP: 2/6
  1256 | D:2      | Found a bloodstained altar of Trog.
  1712 | D:2      | Found a shadowy altar of Dithmenos.
  2161 | D:3      | Reached XP level 4. HP: 26/33 MP: 7/7
  2995 | D:4      | Found Wixah's Gadget Shop.
  3003 | D:4      | Found a staircase to the Ecumenical Temple.
  3059 | Temple   | Entered the Ecumenical Temple
  3068 | Temple   | Killed from afar by an orc wizard

Levels and vault maps discovered:
D:1:      dpeg_arrival_rooms_with_view, layout_loops_ring, grunt_decor_fettered,
          minmay_ruptured
D:2:      layout_basic, lemuel_coloured_pillars_altar, trog_hazing_becter
D:3:      layout_basic
D:4:      layout_loops_ring, lemuel_blue_sif_altar, overflow_temple_1_default,
          lemuel_crystal_altar, minmay_temple_entry_wispy, serial_shops,
          shop_fountains, first_ration, sigmund_edmund_badplayer, uniq_natasha
Temple:   grunt_temple_mini_profane

Skill      XL: |  1  2  3  4 |
---------------+-------------+-----
Armour         | 1 2 |  2.0
Polearms       | 2 |  2.7
Charms         | 3 |  3.1
Dodging        | 2 |  2.1
Fighting       | |  2.4
Stealth        | |  0.1
Spellcasting   | |  2.2

Action                   |  1- 3 |  4- 6 || total
-------------------------+-------+-------++-------
Melee: Spear             |   206 |    72 ||   278
 Cast: Infusion          |     2 |     1 ||     3
 Stab: Sleeping          |       |     1 ||     1
  Eat: Chunk             |     4 |     2 ||     6
Armor: Leather armour    |    25 |    16 ||    41
Dodge: Dodged            |   108 |    26 ||   134
Block: Other             |    18 |    17 ||    35

Table legend:
 A = Non-vault XP
 B = Vault XP
 C = Vault XP percentage of total XP
 D = Non-vault monster count
 E = Vault monster count
 F = Vault count percentage of total count
                 A         B        C        D         E       F
            +---------+---------+-------+---------+---------+-------
      Total |     119 |      15 |  11.2 |      50 |       9 |  15.3
            +---------+---------+-------+---------+---------+-------
        D:1 |      26 |       5 |  16.1 |      13 |       3 |  18.8
        D:2 |      38 |      10 |  20.8 |      13 |       6 |  31.6
        D:3 |      50 |       0 |   0.0 |      22 |       0 |   0.0
        D:4 |       5 |       0 |   0.0 |       2 |       0 |   0.0
            +---------+---------+-------+---------+---------+-------
